Map: Magma Mines

Players

Nerchio - Winner!

  • Race: Zerg Zerg
  • Spawn Location: 3:00

Beastyqt

  • Race: Terran Terran
  • League: Grandmaster
  • Spawn Location: 11:00

Elazer - Winner!

  • Race: Zerg Zerg
  • League: Master
  • Spawn Location: 1:00

FeelsBanjo (uThermal)

  • Race: Terran Terran
  • League: Master
  • Spawn Location: 9:00

VOD

Have the link to the VOD?

Description

Time

  • Played on: Aug. 23, 2016, 2:43 p.m.
  • Length: 11:28
Show
View Real Time Build Order
Export as new Build Order

Nerchio Zerg - Winner!

Build Orders: Pool First 

Get SALT Encoding   

  12  0:00  Drone  
  13  0:13  Overlord  
  13  0:18  Drone  
  14  0:31  Drone x2  
  14  0:35  Drone  
  17  0:45  Spawning Pool  
  17  0:49  Drone  
  17  1:11  Hatchery  
  17  1:15  Drone  
  17  1:18  Drone  
  18  1:19  Extractor  
  17  1:32  Queen  
  19  1:33  Zergling x2  
  19  1:36  Drone  
  21  1:45  Overlord  
  21  1:50  Drone  
  22  2:00  Roach Warren  
  21  2:03  Drone  
  22  2:14  Queen  
  24  2:22  Overlord  
  24  2:40  Roach x2  
  24  2:41  Roach  
  24  2:43  Roach  
  31  2:48  Roach  
  33  2:55  Roach  
  33  2:57  Roach  
  37  3:05  Roach  
  39  3:07  Roach  
  41  3:17  Overlord  
  41  3:22  Roach  
  43  3:28  Overlord  
  43  3:31  Drone  
  44  3:35  Drone x2  
  44  3:38  Drone  
  47  3:41  Drone  
  47  3:45  Drone  
  49  3:49  Drone  
  49  3:51  Drone  
  49  3:55  Drone  
  52  4:00  Drone  
  53  4:04  Evolution Chamber  
  53  4:05  Drone  
  53  4:08  Drone  
  55  4:10  Drone  
  55  4:11  Drone  
  55  4:17  Overlord  
  56  4:21  Overlord  
  54  4:32  Roach x3  
  54  4:35  Overlord  
  54  4:38  Drone x2  
  62  4:41  Ravager  
  62  4:42  Ravager  
  64  4:46  Drone  
  64  4:47  Drone x2  
  64  4:51  Drone x2  
  69  4:55  Extractor  
  69  4:56  Extractor  
  69  4:57  Extractor  
  66  5:00  Drone x2  
  66  5:03  Drone x2  
  66  5:04  Drone  
  71  5:09  Drone x3  
  74  5:17  Drone x2  
  74  5:20  Lair  
  76  5:24  Drone x2  
  78  5:31  Evolution Chamber  
  81  5:35  Roach x2  
  81  5:36  Roach  
  81  5:37  Overlord  
  83  5:43  Overlord x2  
  83  5:45  Overlord  
  83  6:00  Zerg Missile Weapons Level 1  
  83  6:02  Hatchery  
  83  6:04  Zerg Ground Armor Level 1  
  82  6:13  Drone x6  
  88  6:19  Glial Reconstitution  
  88  6:23  Infestation Pit  
  87  6:28  Drone x4  
  87  6:30  Ravager  
  87  6:31  Drone x2  
  94  6:38  Queen  
  96  6:41  Drone x3  
  96  6:43  Drone  
  96  6:44  Drone  
  101  6:47  Overlord  
  101  7:02  Infestor x2  
  101  7:05  Extractor  
  104  7:12  Extractor  
  103  7:19  Ravager  
  103  7:21  Roach x7  
  118  7:27  Ravager x2  
  118  7:28  Roach x2  
  124  7:31  Roach  
  126  7:38  Roach x2  
  126  7:43  Overlord x2  
  126  7:44  Overlord x2  
  130  7:48  Overlord x2  
  124  7:55  Roach  
  124  7:58  Roach x2  
  114  8:04  Roach x2  
  114  8:05  Roach x2  
  122  8:08  Roach  
  124  8:13  Roach  
  124  8:15  Infestor  
  124  8:18  Zerg Missile Weapons Level 2  
  128  8:23  Zerg Ground Armor Level 2  
  128  8:25  Roach x2  
  130  8:30  Roach  
  130  8:31  Roach x3  
  130  8:32  Roach  
  130  8:33  Roach  
  140  8:41  Infestor  
  140  8:45  Roach x2  
  140  8:46  Queen  
  148  8:53  Roach x2  
  148  8:55  Roach  
  154  9:00  Roach x2  
  154  9:02  Roach  
  160  9:09  Overlord x2  
  160  9:13  Roach, Hatchery  
  160  9:14  Roach  
  160  9:15  Roach  
  165  9:17  Roach  
  165  9:20  Ravager x3  
  165  9:22  Overlord  
  170  9:26  Spore Crawler, Overlord  
  170  9:29  Roach  
  171  9:32  Roach x2  
  171  9:35  Roach  
  171  9:37  Roach  
  179  9:39  Roach  
  179  9:44  Ravager x2  
  179  9:45  Ravager x2  
  185  9:57  Roach  
  185  9:58  Roach x6  
  185  9:59  Overlord  
  199  10:11  Hive  
  193  10:43  Roach x4  
Show
View Real Time Build Order
Export as new Build Order

Beastyqt Terran 

Build Orders: MMM Bio 

Get SALT Encoding   

  12  0:01  SCV  
  13  0:13  SCV  
  14  0:18  Supply Depot  
  14  0:25  SCV  
  15  0:39  SCV  
  15  0:42  Barracks  
  16  0:46  Refinery  
  16  0:51  SCV  
  17  0:59  Barracks  
  17  1:03  SCV  
  18  1:15  SCV  
  19  1:20  Barracks  
  19  1:28  SCV  
  19  1:30  Reaper  
  21  1:38  Refinery  
  21  1:45  Supply Depot  
  21  1:47  Reaper  
  21  1:51  SCV  
  23  2:06  Orbital Command, Reaper  
  24  2:13  Reaper  
  25  2:22  Supply Depot  
  25  2:23  Reaper  
  26  2:31  SCV  
  27  2:39  Reaper  
  27  2:44  Supply Depot, SCV  
  29  2:45  Reaper  
  30  2:55  Reaper  
  31  3:00  SCV  
  32  3:16  Command Center, SCV  
  32  3:17  Reaper  
  32  3:23  Reaper  
  33  3:28  SCV  
  33  3:34  Reaper  
  35  3:40  SCV  
  36  3:49  Command Center  
  36  3:52  SCV  
  36  3:55  Barracks Tech Lab  
  38  3:56  Barracks Tech Lab  
  37  4:04  SCV  
  37  4:06  Barracks Reactor  
  38  4:16  SCV  
  31  4:27  Marine x2  
  31  4:28  SCV  
  31  4:29  Stimpack  
  33  4:34  Orbital Command  
  33  4:44  Marine x2  
  33  4:45  Marine  
  36  4:48  SCV  
  37  4:57  Factory  
  37  5:00  Marine, SCV  
  37  5:01  Marine  
  40  5:08  SCV  
  40  5:10  Orbital Command  
  40  5:12  Marine  
  40  5:13  SCV  
  43  5:15  Marine  
  44  5:22  SCV  
  44  5:25  Marine, SCV, Marauder  
  49  5:30  Marine  
  49  5:34  SCV  
  51  5:37  SCV x2  
  51  5:41  Marauder  
  51  5:42  Starport  
  55  5:44  Marine  
  55  5:46  SCV  
  55  5:49  SCV  
  58  5:51  Marine, SCV  
  58  5:52  Factory Reactor  
  60  5:58  SCV, Engineering Bay  
  60  6:00  Engineering Bay  
  60  6:01  Orbital Command  
  60  6:02  Marauder  
  63  6:05  SCV  
  63  6:06  Marauder  
  63  6:08  Marine  
  63  6:11  SCV  
  68  6:13  Refinery x2  
  68  6:17  SCV  
  69  6:21  Supply Depot  
  69  6:22  Supply Depot  
  69  6:23  SCV  
  70  6:26  SCV  
  70  6:29  SCV  
  72  6:34  Factory Tech Lab, Marine, Marauder x2  
  72  6:39  Supply Depot  
  77  6:43  Marine, SCV x2  
  77  6:44  SCV  
  77  6:45  Terran Infantry Weapons Level 1  
  81  6:48  Terran Infantry Armor Level 1  
  81  6:52  Marine  
  82  6:55  SCV  
  82  6:57  SCV  
  82  6:59  Marauder x2  
  82  7:00  Marine  
  89  7:04  Medivac  
  89  7:07  Medivac  
  93  7:08  SCV  
  93  7:12  Marine  
  93  7:13  SCV x2  
  97  7:18  Marine  
  97  7:21  Marauder  
  100  7:25  Combat Shields  
  100  7:26  Concussive Shells  
  100  7:27  Supply Depot  
  100  7:28  Supply Depot  
  100  7:29  Supply Depot, Marine  
  101  7:36  SCV  
  101  7:37  Marine, SCV  
  101  7:40  SCV  
  101  7:41  Supply Depot  
  100  7:49  SCV x2  
  102  7:52  SCV  
  102  7:54  Marine, Marauder  
  102  7:55  Marine  
  102  7:57  Medivac, Marauder  
  109  8:01  SCV x2  
  109  8:04  SCV  
  97  8:13  Marine, SCV x2  
  97  8:15  Liberator x2, Siege Tank, Marauder  
  97  8:18  Marine  
  101  8:25  Supply Depot x2  
  101  8:26  Supply Depot  
  97  8:29  Armory, Marauder  
  97  8:30  Marine  
  97  8:36  Marine, Marauder  
  100  8:44  Factory  
  100  8:46  Barracks  
  100  8:47  Siege Tank  
  100  8:48  Barracks  
  103  8:51  Supply Depot  
  103  8:53  Refinery  
  103  8:55  Supply Depot, Refinery  
  103  9:01  Marine  
  104  9:07  Marauder x2  
  104  9:08  Marine  
  109  9:17  Command Center  
  109  9:19  Marine  
  109  9:23  Starport  
  110  9:26  Marine  
  110  9:28  Marine, SCV x2  
  113  9:39  SCV  
  113  9:42  Supply Depot  
  113  9:43  Siege Tank, Barracks Reactor, Barracks Tech Lab  
  113  9:45  Marine  
  118  9:55  Medivac  
  118  9:57  Marauder x2  
  118  9:58  Supply Depot  
  124  10:00  SCV x2  
  124  10:01  Missile Turret  
  124  10:04  Marine x2  
  128  10:12  Marauder  
  124  10:17  Starport Tech Lab  
  124  10:18  Siege Tank, Marauder  
  124  10:19  Marine x3, Fusion Core  
  127  10:41  Marine x2, Marauder x3  
  127  10:42  SCV  
  120  10:44  Marine x2  
  62  10:59  Marine x2  
  62  11:01  Marine  
  62  11:02  Marauder  
Show
View Real Time Build Order
Export as new Build Order

Elazer Zerg - Winner!

Build Orders: Hatch First 

Get SALT Encoding   

  12  0:00  Drone  
  13  0:13  Overlord  
  13  0:17  Drone  
  14  0:32  Drone x2  
  14  0:35  Drone  
  17  0:52  Hatchery  
  17  0:55  Drone  
  17  0:58  Drone  
  18  1:10  Extractor  
  17  1:13  Spawning Pool  
  17  1:16  Drone  
  17  1:19  Drone  
  18  1:29  Drone  
  19  1:40  Overlord  
  19  1:52  Drone  
  20  2:00  Queen  
  22  2:02  Drone  
  22  2:04  Queen  
  22  2:06  Drone  
  26  2:10  Metabolic Boost  
  26  2:13  Drone  
  27  2:26  Drone x3  
  30  2:33  Overlord  
  30  2:37  Queen, Evolution Chamber  
  31  2:45  Zergling x4  
  33  2:51  Zergling x2  
  33  2:54  Queen  
  33  2:55  Zergling x2  
  37  3:03  Drone  
  38  3:05  Drone  
  38  3:07  Drone  
  38  3:08  Drone x2  
  42  3:14  Overlord  
  42  3:16  Zergling x4  
  44  3:23  Overlord  
  44  3:34  Drone x4  
  44  3:39  Drone  
  49  3:46  Zerg Melee Weapons Level 1  
  49  3:47  Extractor, Drone  
  49  3:48  Drone  
  49  3:49  Extractor, Drone x2  
  49  3:50  Evolution Chamber  
  49  3:52  Drone  
  51  3:58  Overlord  
  51  4:03  Drone  
  51  4:07  Drone x2  
  51  4:08  Extractor, Drone  
  54  4:13  Hatchery  
  54  4:16  Drone  
  54  4:23  Drone x2  
  55  4:24  Drone  
  55  4:27  Drone  
  55  4:31  Overlord  
  56  4:34  Zerg Ground Armor Level 1  
  56  4:38  Overlord  
  56  4:41  Zergling x6  
  56  4:42  Lair  
  59  4:47  Zergling x4  
  59  4:52  Overlord  
  61  4:58  Overlord  
  59  5:04  Drone x3  
  62  5:12  Drone x2  
  64  5:15  Overlord  
  64  5:21  Overlord  
  64  5:27  Zergling x8  
  68  5:31  Hatchery  
  68  5:33  Drone  
  68  5:36  Drone  
  68  5:37  Drone  
  68  5:38  Baneling Nest  
  68  5:42  Drone x2  
  71  5:43  Drone x2  
  71  5:45  Drone x3  
  76  5:52  Zerg Melee Weapons Level 2  
  76  5:53  Overlord  
  76  5:54  Zergling x2  
  76  5:55  Zergling x2  
  78  6:00  Zergling x2  
  78  6:01  Zergling x4  
  81  6:09  Overlord, Zergling x2  
  81  6:10  Zergling x4  
  84  6:15  Zergling x6  
  84  6:16  Zergling x2  
  84  6:18  Overlord  
  88  6:21  Drone, Hatchery, Centrifical Hooks  
  88  6:23  Infestation Pit  
  84  6:30  Overlord  
  84  6:31  Zerg Ground Armor Level 2  
  84  6:33  Zergling x12  
  84  6:39  Overlord  
  87  6:44  Overlord  
  86  6:47  Overlord  
  86  6:50  Overlord  
  86  6:51  Zergling x2  
  86  6:52  Zergling x14  
  91  7:00  Overlord  
  91  7:04  Hive, Spore Crawler, Drone x3  
  91  7:05  Spore Crawler x2, Overlord  
  91  7:08  Overlord  
  91  7:11  Overlord  
  91  7:12  Zergling x8  
  91  7:14  Baneling  
  91  7:15  Baneling  
  95  7:17  Overlord  
  95  7:18  Zergling x4  
  95  7:22  Overlord  
  97  7:25  Baneling x2  
  97  7:26  Drone, Baneling x2  
  97  7:27  Drone x3  
  97  7:28  Drone  
  102  7:31  Drone x3  
  102  7:33  Drone  
  102  7:34  Drone  
  107  7:37  Drone x2  
  107  7:38  Drone  
  107  7:39  Drone  
  107  7:40  Drone  
  108  7:49  Overlord  
  108  7:50  Zergling x2  
  108  7:51  Zergling x8  
  113  7:56  Baneling x7  
  113  7:58  Zergling x12  
  116  8:09  Zergling x2  
  116  8:10  Zergling x14  
  117  8:12  Zergling x2  
  107  8:20  Zergling x12  
  107  8:25  Ultralisk Cavern  
  107  8:26  Adrenal Glands, Zerg Melee Weapons Level 3  
  112  8:30  Zergling x4  
  112  8:31  Zergling x14  
  115  8:42  Overlord  
  115  8:53  Extractor  
  115  8:54  Extractor  
  113  8:59  Overlord  
  113  9:00  Hatchery  
  112  9:02  Baneling  
  112  9:03  Baneling x8  
  112  9:09  Overlord  
  112  9:12  Chitinous Plating  
  112  9:14  Ultralisk x2  
  112  9:15  Spore Crawler  
  122  9:18  Ultralisk  
  126  9:34  Ultralisk  
  121  9:40  Overlord  
  121  9:43  Ultralisk  
  121  9:44  Zergling x18  
  121  9:45  Zergling x14  
  136  9:54  Ultralisk  
  142  10:01  Zergling x18  
  151  10:08  Ultralisk  
  157  10:19  Ultralisk  
  157  10:20  Zergling x2  
  157  10:21  Zergling x10  
  169  10:28  Baneling x6  
  169  10:29  Baneling  
  169  10:31  Zergling x14  
  169  10:35  Zergling x6  
  163  10:48  Zergling x10  
  163  10:49  Zergling x14  
  156  10:53  Zergling x4  
  156  10:54  Zergling x8  
Show
View Real Time Build Order
Export as new Build Order

FeelsBanjo Terran 

Build Orders: MMM Bio 

Get SALT Encoding   

  12  0:01  SCV  
  13  0:13  SCV  
  14  0:18  Supply Depot  
  14  0:25  SCV  
  15  0:30  Refinery  
  15  0:41  Barracks  
  15  0:45  SCV  
  16  0:58  SCV  
  16  1:03  Barracks  
  17  1:10  SCV  
  18  1:22  Barracks  
  18  1:29  Reaper  
  19  1:39  Orbital Command  
  19  1:49  Refinery  
  19  1:51  Reaper  
  20  2:01  Reaper  
  20  2:03  Supply Depot  
  21  2:09  Reaper  
  21  2:14  SCV  
  23  2:25  Reaper  
  24  2:30  Supply Depot, SCV  
  24  2:33  Reaper  
  26  2:41  Reaper  
  27  2:45  SCV  
  28  2:57  Reaper  
  29  3:14  Reaper  
  29  3:17  Reaper  
  31  3:20  SCV  
  31  3:24  Command Center  
  31  3:29  Reaper  
  31  3:33  SCV  
  33  3:41  Factory  
  33  3:45  SCV  
  34  3:55  Barracks Tech Lab  
  34  3:57  SCV  
  35  4:04  Barracks Reactor  
  35  4:05  Barracks Reactor  
  35  4:09  SCV  
  36  4:11  Supply Depot  
  36  4:26  SCV  
  36  4:27  Marine  
  36  4:29  Starport  
  38  4:34  Stimpack  
  38  4:37  Orbital Command  
  39  4:38  SCV  
  39  4:42  Marine x3  
  41  4:48  Marine  
  41  4:50  SCV  
  43  4:53  Marine, Factory Reactor  
  44  5:00  Marine  
  44  5:01  Marine  
  44  5:02  SCV  
  44  5:03  Marine  
  44  5:05  Marine  
  49  5:12  Marine, SCV  
  51  5:16  SCV  
  51  5:17  Marine  
  51  5:19  Marine  
  54  5:24  SCV  
  54  5:27  Supply Depot  
  55  5:31  SCV  
  55  5:35  Medivac  
  58  5:36  Factory Tech Lab, Medivac  
  58  5:38  SCV  
  58  5:42  Supply Depot, Marine  
  62  5:49  Marine, SCV  
  64  5:50  Marine x2  
  64  5:53  SCV  
  67  5:58  Marine  
  67  6:01  Marine, SCV  
  70  6:05  SCV  
  70  6:09  Marine  
  70  6:10  Marine x2  
  73  6:13  SCV  
  73  6:17  SCV  
  75  6:22  Marine  
  75  6:24  Marine  
  75  6:25  Command Center  
  77  6:33  Supply Depot, SCV  
  77  6:34  Combat Shields  
  77  6:37  SCV  
  77  6:39  Siege Tank  
  77  6:41  Marine  
  77  6:45  SCV  
  77  6:46  Supply Depot  
  78  6:55  Medivac, Marine, SCV  
  78  6:58  Marine x2  
  84  7:06  SCV, Engineering Bay  
  85  7:08  Engineering Bay  
  85  7:09  Marine  
  85  7:10  Marine  
  85  7:14  Marine  
  88  7:18  Siege Tank  
  88  7:21  Marine, SCV  
  93  7:23  Marine  
  94  7:31  Supply Depot  
  94  7:36  Marine x2  
  97  7:37  Marine, SCV  
  97  7:40  Marine  
  97  7:41  Marine  
  97  7:42  SCV  
  99  7:46  SCV  
  99  7:49  SCV  
  94  7:54  Marine, SCV  
  94  7:55  Marine  
  97  8:03  SCV  
  97  8:04  Marine x2, SCV  
  97  8:05  Marine  
  95  8:06  Siege Tank, Medivac  
  95  8:12  Marine  
  89  8:14  Marine  
  91  8:23  Terran Infantry Weapons Level 1  
  91  8:24  SCV x2  
  88  8:27  Refinery x2  
  88  8:29  Terran Infantry Armor Level 1  
  88  8:30  Marine x3, SCV  
  88  8:31  Marine  
  88  8:32  Marine  
  94  8:36  SCV  
  94  8:38  Siege Tank, SCV  
  99  8:47  Marine  
  99  8:48  Marine x3  
  101  8:49  Orbital Command  
  101  8:50  Marine, SCV  
  101  8:51  Barracks  
  101  8:52  Medivac  
  101  8:53  Barracks  
  107  8:58  SCV  
  107  8:59  Refinery  
  107  9:01  Refinery  
  107  9:02  Supply Depot, Medivac, SCV  
  111  9:03  Supply Depot  
  111  9:05  Marine x2  
  111  9:06  Marine x2  
  111  9:07  Marine  
  116  9:10  Supply Depot  
  116  9:14  SCV  
  116  9:15  SCV  
  116  9:17  SCV  
  116  9:20  Factory Reactor  
  116  9:23  Marine  
  118  9:25  Command Center  
  118  9:30  SCV  
  118  9:33  SCV x2  
  118  9:35  Marine  
  118  9:36  Marine  
  118  9:37  Marine  
  116  9:38  Liberator  
  116  9:39  Liberator  
  116  9:42  Marine, SCV  
  116  9:44  Barracks Reactor  
  116  9:45  Barracks Reactor  
  116  9:50  SCV  
  116  9:51  Marine  
  118  9:53  Armory, Marine  
  118  9:54  Marine  
  118  9:55  Marine  
  119  10:00  Marine, Widow Mine x2  
  119  10:06  Command Center  
  124  10:09  Marine  
  124  10:11  Marine  
  124  10:12  Marine x2  
  127  10:18  Marine  
  127  10:22  Marine x2  
  127  10:25  Marine  
  127  10:26  Liberator, Marine  
  127  10:27  Marine  
  132  10:28  Widow Mine x2  
  132  10:29  Marine  
  132  10:30  Marine x2  
  132  10:31  Barracks x2  
  139  10:36  Marine  
  139  10:40  Marine x2  
  142  10:43  Marine x2  
  142  10:45  Marauder  
  142  10:49  Marine x2  
  148  10:50  Marine  
  148  10:54  Marine  
  146  10:57  Widow Mine x2  
  146  11:06  Marauder  
Tags
 
Add a new tag
Caveats
  • Supply blocks, unpowered buildings, or Contaminate may cause inaccurate times.
  • Supply counts are checked every 10 seconds.